 Dungeon Crawl Stone Soup version 0.20.1-1-g8b1a95d (webtiles) character file.

637 Gremour the Slasher (level 7, -3/41 HPs)
             Began as a Gargoyle Fighter on Nov 16, 2017.
             Was an Initiate of Qazlal.
             Slain by Blork the orc
             ... wielding a +0 trident
              (5 damage)
             ... on level 5 of the Dungeon.
             The game lasted 00:20:35 (3952 turns).

Gremour the Slasher (Gargoyle Fighter)              Turns: 3952, Time: 00:20:35

Health: -3/41      AC:  6    Str: 20    XL:     7   Next: 50%
Magic:  7/7        EV:  9    Int:  8    God:    Qazlal [......]
Gold:   236        SH:  0    Dex: 11    Spells: 6/6 levels left

rFire    . . .     SeeInvis .   s - +2 falchion (vamp)
rCold    . . .     Gourm    .   (no shield)
rNeg     + + +     Faith    .   p - +0 scale mail {rN+}
rPois    ∞         Spirit   .   l - +0 helmet
rElec    +         Reflect  .   (no cloak)
rCorr    .         Harm     .   (no gloves)
MR       .....                  v - +0 pair of boots
Stlth    ..........             (no amulet)
Regen    0.2/turn               x - ring of positive energy
MPRegen  0.1/turn               (no ring)

@: about to teleport, corroded
A: negative energy resistance 1, electricity resistance, unbreathing,
petrification resistance, rot immunity, AC +4
a: Renounce Religion


You were on level 5 of the Dungeon.
You worshipped Qazlal.
Qazlal was noncommittal.
You were not hungry.

You visited 2 branches of the dungeon, and saw 6 of its levels.

You collected 236 gold pieces.

Inventory:

Hand Weapons
 a - a +0 long sword
 s - a +2 vampiric falchion (weapon)
 u - a cursed +3 short sword
Armour
 c - a +0 shield
 l - a +0 helmet (worn)
 p - a +0 scale mail of positive energy (worn)
 q - a +2 robe of magic resistance
 v - a +0 pair of boots (worn)
Jewellery
 x - a ring of positive energy (left hand)
Wands
 b - a wand of clouds (9/9)
Scrolls
 g - 3 scrolls of recharging
 h - 2 scrolls of remove curse
 k - a scroll of enchant armour {unknown}
 m - 2 scrolls of identify
 n - 2 scrolls of amnesia
Potions
 d - a potion of degeneration {unknown}
 e - 5 potions of curing
 i - a potion of magic {unknown}
 j - 2 potions of flight {unknown}
 z - a potion of might
Books
 y - a book of Necromancy

   Spells                             Type                      Level
   a - Pain                           Necromancy                   1
   b - Animate Skeleton               Necromancy                   1
   c - Vampiric Draining              Necromancy                   3
   d - Regeneration                   Charms/Necromancy            3
   e - Animate Dead                   Necromancy                   4
   f - Control Undead                 Necromancy                   4
Comestibles
 f - 2 bread rations
 t - a meat ration
 w - 9 chunks of flesh
 A - a royal jelly


   Skills:
 - Level 3.3 Fighting
 * Level 7.4 Long Blades
 - Level 3.3 Armour
 - Level 3.3 Shields


You had 6 spell levels left.
You didn't know any spells.

Dungeon Overview and Level Annotations

Branches:
Dungeon (5/15)             Temple (1/1) D:4

Altars:
Ashenzari
Cheibriados
Elyvilon
Makhleb
Nemelex Xobeh
Okawaru
Qazlal
Ru
Trog
Uskayaw
Xom
Yredelemnul
Zin
The Shining One

Annotations:
D:5 Blork the orc


Innate Abilities, Weirdness & Mutations

You are resistant to torment.
Your stone body is resilient. (AC +4)
You are immune to poison.
You resist negative energy. (rN+)
You are resistant to electric shocks. (rElec)
You can survive without breathing.
You are immune to petrification.
You are immune to rotting.


Message History

The gnoll hits you from afar with a spear.
* * * LOW HITPOINT WARNING * * *
The worker ant misses you.
You riposte.
You hit the worker ant but do no damage.
You feel much better. Something hits you but does no damage.
The gnoll hits you from afar with a spear!
The worker ant bites you. Something hits you! The worker ant barely misses you.
You open the door. Something hits you but does no damage.
The worker ant bites you.
* * * LOW HITPOINT WARNING * * *
Something hits you.
* * * LOW HITPOINT WARNING * * *
There is an open door here.
The worker ant completely misses you.
As you read the scroll of teleportation, it crumbles to dust.
You feel strangely unstable. Something hits you.
* * * LOW HITPOINT WARNING * * *
Something hits you.
You die...

.[.†.#####.....# ......#
...........g...#####......#
.............g.g..........#
#####.....#####.....######
#.....#...#.ga..#
#.....g...#.....+
#.....#...#.....#
#.....#..g####+##...
#.....#....a@.......
+.....+....#........
#.....#...###..#####
#.....###+# ..# #.....#
.... ......# ..... ......+
..#### ......# ###


You could see a worker ant and a gnoll.

Vanquished Creatures
  Duvessa (D:4)
  A bullfrog (D:4)
  Dowan (D:4)
  3 wights (D:4)
  A jelly (D:5)
  An orc priest (D:3)
  Terence (D:3)
  Natasha (D:3)
  6 adders
  2 gnolls
  5 worms
  3 dart slugs
  7 orcs
  A bat (D:1)
  9 giant cockroaches
  7 goblins
  11 hobgoblins
  10 jackals
  A quokka (D:3)
  2 frilled lizards
  6 kobolds
  11 rats
91 creatures vanquished.

Notes
Turn   | Place    | Note
-------+----------+-------------------------------------------
     0 | D:1      | Gremour the Gargoyle Fighter began the quest for the Orb.
     0 | D:1      | Reached XP level 1. HP: 14/14 MP: 1/1
   259 | D:1      | Reached skill level 2 in Long Blades
   278 | D:1      | Reached XP level 2. HP: 19/19 MP: 2/2
   412 | D:1      | Reached skill level 3 in Long Blades
   412 | D:1      | Reached XP level 3. HP: 21/23 MP: 3/3
  1120 | D:2      | Reached XP level 4. HP: 15/28 MP: 4/4
  1472 | D:2      | Reached skill level 4 in Long Blades
  1680 | D:2      | Found a white marble altar of Elyvilon.
  1750 | D:3      | Noticed Terence
  1775 | D:3      | Killed Terence
  1775 | D:3      | Reached XP level 5. HP: 30/32 MP: 5/5
  2277 | D:3      | Noticed Natasha
  2290 | D:3      | Killed Natasha
  2290 | D:3      | Reached skill level 5 in Long Blades
  2788 | D:4      | Reached XP level 6. HP: 24/37 MP: 6/6
  2920 | D:4      | Reached skill level 6 in Long Blades
  3226 | D:4      | Found a staircase to the Ecumenical Temple.
  3235 | Temple   | Entered the Ecumenical Temple
  3267 | Temple   | Became a worshipper of Qazlal Stormbringer
  3494 | D:4      | Noticed Dowan
  3495 | D:4      | Noticed Duvessa
  3525 | D:4      | Killed Duvessa
  3525 | D:4      | Reached XP level 7. HP: 41/41 MP: 7/7
  3532 | D:4      | Killed Dowan
  3532 | D:4      | Reached skill level 7 in Long Blades
  3686 | D:4      | Found a shimmering altar of Xom.
  3850 | D:5      | Entered Level 5 of the Dungeon
  3909 | D:5      | Noticed Blork the orc
  3952 | D:5      | HP: 2/41 [something (5)]
  3952 | D:5      | Slain by Blork the orc

Skill      XL: |  1  2  3  4  5  6  7 |
---------------+----------------------+-----
Long Blades    | 2 3 4 5 6 7 |  7.4
Fighting       | |  3.3
Armour         | |  3.3
Shields        | |  3.3

Action                   |  1- 3 |  4- 6 |  7- 9 || total
-------------------------+-------+-------+-------++-------
Melee: Long sword        |   115 |   114 |       ||   229
       Falchion          |       |   124 |    60 ||   184
  Use: Scroll            |       |     9 |     1 ||    10
       Potion            |       |     2 |     2 ||     4
  Eat: Chunk             |     1 |     7 |     2 ||    10
       Meat ration       |       |     1 |       ||     1
Armor: Scale mail        |    68 |   130 |    49 ||   247
Dodge: Dodged            |    51 |   102 |    48 ||   201
Block: Shield            |    11 |       |       ||    11
       Rpst.: Long sword |    21 |    21 |       ||    42
       Falchion          |       |    19 |    14 ||    33
